 Dungeon Crawl Stone Soup version 0.28.0-45-g0d030f2227 (webtiles) character file.

Game seed: 16712596967569408347

383 Peloso the Slasher (level 6, -6/53 HPs)
             Began as a Minotaur Fighter on Apr 3, 2022.
             Mangled by Pikel
             ... wielding a +2 whip of electrocution
              (10 damage)
             ... on level 4 of the Dungeon.
             The game lasted 00:05:33 (3538 turns).

Peloso the Slasher (Minotaur Fighter)               Turns: 3538, Time: 00:05:34

Health: -6/53      AC: 18    Str: 21    XL:     6   Next: 47%
Magic:  5/5        EV:  7    Int:  5    God:
Gold:   173        SH:  4    Dex: 11    Spells: 5/5 levels left

rFire   . . .      SeeInvis .   a - +1 falchion (protect)
rCold   . . .      Faith    .   c - +0 buckler
rNeg    . . .      Spirit   .   l - +0 chain mail
rPois   .          Reflect  .   (helmet restricted)
rElec   .          Harm     .   (no cloak)
rCorr   .          Rampage  .   h - +0 pair of gloves
Will    .....                   (no boots)
Stlth   ..........              (no amulet)
HPRegen 0.17/turn               (no ring)
MPRegen 0.09/turn               (no ring)

@: under a protective aura
A: horns 2, retaliatory headbutt
a: no special abilities


You were on level 4 of the Dungeon.
You visited 1 branch of the dungeon, and saw 4 of its levels.

You collected 173 gold pieces.

Inventory:

Hand Weapons
 a - a +1 falchion of protection (weapon)
 b - a +1 spear of flaming
Armour
 c - a +0 buckler (worn)
 g - a +0 scale mail
 h - a +0 pair of gloves (worn)
 l - a +0 chain mail (worn)
Jewellery
 e - a ring of ice
Scrolls
 f - 2 scrolls of teleportation {unknown}
 i - a scroll of noise {unknown}
 j - a scroll of magic mapping {unknown}
 k - a scroll of identify {unknown}
 m - a scroll of brand weapon {unknown}
 p - a scroll of enchant armour {unknown}
Potions
 d - a potion of might
 n - a potion of berserk rage {unknown}
 o - a potion of attraction {unknown}


   Skills:
 + Level 4.7 Fighting
 + Level 5.7 Long Blades
 + Level 5.5 Armour
 + Level 1.3 Dodging
 + Level 4.3 Shields


You had 5 spell levels left.
You didn't know any spells.
Your spell library contained the following spells:

 Spells                   Type           Power      Damage    Failure   Level
 Scorch                   Fire           0%         2d5       100%        2
 Ignite Poison            Fire/Tmut/Pois 0%         N/A       100%        3
 Mephitic Cloud           Conj/Pois/Air  0%         N/A       100%        3
 Flame Wave               Conj/Fire      0%         2d4       100%        4
 Freezing Cloud           Conj/Ice/Air   0%         6-21      100%        5
 Summon Cactus Giant      Summ           0%         N/A       100%        6


Dungeon Overview and Level Annotations

Branches:
Dungeon (4/15)
 Temple: D:4-7

Altars:
Dithmenos
Sif Muna

Annotations:
D:4 Pikel


Innate Abilities, Weirdness & Mutations

You have a pair of horns on your head.
You reflexively headbutt those who attack you in melee.


Message History

A lemure comes into view.
The lemure shouts!
A lemure comes into view.
You barely miss Pikel.
Pikel hits you with a +2 whip of electrocution!
You closely miss Pikel. Pikel barely misses you.
You hit Pikel.
Your weapon exudes an aura of protection.
Pikel is lightly wounded.
Pikel hits you with a +2 whip of electrocution.
You are electrocuted!!
You closely miss Pikel.
Pikel is lightly wounded.
Pikel hits you but does no damage.
You barely miss Pikel.
Pikel is lightly wounded.
Pikel hits you but does no damage.
You barely miss Pikel.
Pikel is lightly wounded.
Pikel hits you but does no damage.
You are electrocuted!!
* * * LOW HITPOINT WARNING * * *
You slash Pikel!
Your weapon exudes an aura of protection.
You headbutt Pikel.
Pikel is heavily wounded.
Pikel hits you but does no damage.
You hit Pikel.
Pikel is severely wounded.
Pikel barely misses you. You furiously retaliate!
You headbutt Pikel, but do no damage. You slash Pikel!
Pikel is almost dead.
Pikel drinks a potion.
Pikel is healed!
You hit Pikel but do no damage.
Pikel is severely wounded.
You block Pikel's attack.
You closely miss Pikel.
Pikel is severely wounded.
Pikel hits you but does no damage.
You are electrocuted!
You die...

#.##<##########
##.#.#.........##
.......(........#
.......#######..#
#..........# #..#
#.########.#
#..######## #.#
######.#
#..........
..###...##(#
##.########.##
#.##.....#.#
#.@K555......
#.##.(.....#
######.###.##
....(....#### ..#
............#
...#
..##.###.##.#
..... .....#
#..#.# ...###
####.###..#.#
..##
####......#.# .##
....<#.##.#.#


You could see Pikel and 3 lemures.

Vanquished Creatures
  A black bear (D:4)
  An ogre (D:4)
  A bullfrog skeleton (D:4)
  An iguana (D:4)
  Robin (D:2)
  2 adders
  2 adder skeletons (D:4)
  3 worms
  3 dart slugs
  9 orcs
  5 bats
  9 endoplasms
  3 giant cockroaches
  22 goblins
  9 hobgoblins
  12 jackals
  2 quokkas (D:2)
  6 ball pythons
  3 frilled lizards
  3 kobolds
  6 rats
104 creatures vanquished.

Vanquished Creatures (others)
  4 fungi (D:4)
  2 plants (D:4)
6 creatures vanquished.

Grand Total: 110 creatures vanquished

Notes
Turn   | Place    | Note
-------+----------+-------------------------------------------
     0 | D:1      | Peloso the Minotaur Fighter began the quest for the Orb.
     0 | D:1      | Reached XP level 1. HP: 19/19 MP: 0/0
   287 | D:1      | Reached XP level 2. HP: 27/27 MP: 1/1
   748 | D:1      | Reached XP level 3. HP: 33/33 MP: 2/2
   751 | D:1      | Found a faded altar of an unknown god.
  1093 | D:2      | Noticed Robin
  1121 | D:2      | Killed Robin
  1408 | D:2      | Reached XP level 4. HP: 40/40 MP: 3/3
  2220 | D:3      | Reached skill level 1 in Dodging
  2221 | D:3      | Found a shadowy altar of Dithmenos.
  2261 | D:3      | Found a shimmering blue altar of Sif Muna.
  2510 | D:3      | Reached skill level 5 in Armour
  2914 | D:4      | Reached XP level 5. HP: 44/46 MP: 4/4
  2998 | D:4      | Noticed a black bear
  3003 | D:4      | Killed a black bear
  3004 | D:4      | Reached skill level 5 in Long Blades
  3108 | D:4      | Reached XP level 6. HP: 53/53 MP: 5/5
  3523 | D:4      | Noticed Pikel
  3538 | D:4      | Mangled by Pikel

Illustrated notes

Levels and vault maps discovered:
D:1:      dpeg_arrival_subterranean_lakeside_camping, layout_loops_corners,
          hellmonk_ecumenical_altar_pennies_from_heaven
D:2:      layout_loops_ring, solitary_fountain, chequers_serial_rivers_micro_c,
          palyth_stone_intersect, minmay_tromino_i2, uniq_robin
D:3:      layout_loops_ring, led_sif_pool,
          nicolae_dithmenos_through_a_glass_darkly, fountainhead
D:4:      layout_loops_ring, grunt_temple_overflow_forces_of_nature, uniq_pikel,
          uniq_eustachio

Skill      XL: |  1  2  3  4  5 |
---------------+----------------+-----
Armour         | 4 5 |  5.5
Long Blades    | 3 4 5 |  5.7
Fighting       | 4 |  4.7
Shields        | 4 |  4.3
Dodging        | 1 |  1.3

Action                   |  1- 3 |  4- 6 || total
-------------------------+-------+-------++-------
Melee: Long sword        |    66 |       ||    66
       Headbutt          |    14 |    27 ||    41
       Falchion          |    31 |   135 ||   166
Armor: Scale mail        |    73 |    11 ||    84
       Chain mail        |       |    48 ||    48
Dodge: Dodged            |    42 |    47 ||    89
Block: Buckler           |    17 |    21 ||    38
